Map: Dusk Towers

Players

ColonelK - Winner!

  • Race: Protoss Protoss
  • League: Master

Miszu

  • Race: Terran Terran
  • League: Master

VOD

Have the link to the VOD?

Description

Time

  • Played on: May 2, 2016, 9:52 a.m.
  • Length: 9:58
Show
View Real Time Build Order
Export as new Build Order

ColonelK Protoss - Winner!

Build Orders: 1 Gate Expand, Oracle Opening 

Get SALT Encoding   

  12  0:03  Probe (Chrono Boost)  
  13  0:13  Probe (Chrono Boost)  
  14  0:17  Pylon  
  14  0:24  Probe (Chrono Boost)  
  16  0:35  Probe (Chrono Boost)  
  16  0:38  Gateway  
  16  0:41  Assimilator  
  16  0:46  Probe (Chrono Boost)  
  17  0:56  Probe (Chrono Boost)  
  18  1:07  Probe (Chrono Boost)  
  19  1:19  Nexus  
  19  1:22  Probe (Chrono Boost)  
  21  1:34  Cybernetics Core  
  21  1:36  Probe (Chrono Boost)  
  21  1:40  Pylon  
  21  1:47  Probe (Chrono Boost)  
  22  1:50  Assimilator  
  22  1:57  Probe (Chrono Boost)  
  23  2:07  Probe (Chrono Boost)  
  24  2:11  Adept (Chrono Boost), Warp Gate  
  26  2:19  Probe  
  27  2:31  Probe x2 (Chrono Boost)  
  27  2:34  Adept (Chrono Boost)  
  31  2:41  Stargate  
  31  2:42  Probe (Chrono Boost)  
  31  2:43  Probe (Chrono Boost)  
  33  2:53  Probe x2 (Chrono Boost)  
  33  2:56  Pylon  
  35  3:03  Probe (Chrono Boost)  
  35  3:04  Gateway, Probe (Chrono Boost)  
  37  3:14  Probe x2 (Chrono Boost)  
  39  3:22  Gateway  
  39  3:24  Probe x2 (Chrono Boost)  
  39  3:25  Assimilator  
  41  3:29  Pylon  
  41  3:31  Oracle (Chrono Boost)  
  44  3:34  Probe  
  44  3:35  Probe  
  46  3:51  Probe  
  46  3:54  Probe  
  48  4:03  Robotics Facility, Probe, Phoenix (Chrono Boost)  
  51  4:13  Nexus  
  51  4:15  Pylon, Probe  
  51  4:16  Mothership Core  
  54  4:25  Probe  
  55  4:36  Probe  
  55  4:37  Probe  
  57  4:41  Twilight Council  
  57  4:45  Assimilator  
  57  4:46  Probe  
  57  4:47  Forge  
  57  4:48  Gateway  
  57  4:49  Probe  
  59  4:57  Probe  
  60  5:01  Immortal (Chrono Boost), Probe  
  60  5:04  Pylon  
  65  5:09  Phoenix (Chrono Boost)  
  65  5:10  Probe  
  65  5:13  Probe  
  69  5:18  Resonating Glaives (Chrono Boost)  
  69  5:22  Gateway, Probe  
  69  5:25  Probe  
  69  5:26  Pylon x2, Probe  
  72  5:33  Probe  
  72  5:35  Protoss Ground Armor Level 1 (Chrono Boost)  
  73  5:37  Adept x3  
  73  5:38  Probe  
  73  5:39  Observer (Chrono Boost)  
  73  5:41  Probe  
  81  5:45  Probe, Phoenix  
  85  5:50  Probe  
  85  5:52  Probe  
  87  5:59  Adept x3  
  87  6:00  Adept  
  87  6:01  Probe  
  97  6:04  Probe  
  97  6:05  Probe  
  97  6:08  Immortal  
  97  6:10  Phoenix  
  100  6:14  Probe  
  105  6:20  Gateway  
  105  6:21  Gateway  
  105  6:26  Assimilator, Probe  
  105  6:27  Assimilator, Probe  
  107  6:38  Probe x2  
  109  6:43  Pylon x2  
  109  6:45  Pylon  
  109  6:46  Pylon  
  109  6:48  Templar Archives  
  109  6:49  Gateway  
  109  6:51  Gateway, Blink (Chrono Boost)  
  109  6:54  Pylon  
  109  6:56  Warp Prism  
  109  7:05  Adept x2, Sentry  
  117  7:09  Protoss Ground Armor Level 2  
  117  7:13  Adept x2  
  121  7:25  Adept x2, Forge  
  121  7:26  Adept x2  
  129  7:31  Pylon x3  
  129  7:34  Adept x2  
  133  7:39  Adept  
  133  7:40  Warp Prism  
  135  7:56  High Templar x4  
  135  7:57  Adept x3  
  143  8:02  Archon x2  
  143  8:11  Warp Prism  
  143  8:12  Adept  
  143  8:13  Adept  
  143  8:18  Nexus  
  149  8:20  Pylon  
  149  8:23  Adept  
  149  8:24  Adept x2  
  130  8:29  Adept x4  
  110  8:50  Adept x8  
  110  8:51  Adept  
  128  9:00  Phoenix  
  118  9:12  Adept x4  
  118  9:13  Adept x5  
  120  9:36  High Templar x2, Adept x2  
  120  9:37  Adept x3  
  132  9:42  Archon  
  128  9:47  Adept x2  
  124  9:57  Adept x2  
  124  9:58  Adept x3  
Show
View Real Time Build Order
Export as new Build Order

Miszu Terran 

Build Orders: Command Center First (CC), MMM Bio 

Get SALT Encoding   

  12  0:00  SCV  
  13  0:13  SCV  
  14  0:17  Supply Depot  
  14  0:25  SCV  
  15  0:39  SCV  
  16  0:51  SCV  
  17  0:59  Command Center  
  17  1:03  SCV  
  18  1:15  SCV  
  18  1:16  Barracks  
  19  1:27  SCV  
  19  1:29  Barracks  
  21  1:40  SCV  
  21  1:42  Barracks  
  21  1:52  SCV  
  22  2:05  Orbital Command  
  22  2:06  Marine  
  23  2:11  Orbital Command  
  23  2:16  Marine  
  24  2:25  Marine  
  25  2:30  SCV  
  25  2:32  Marine  
  25  2:34  Marine  
  25  2:35  Refinery  
  25  2:36  Refinery, SCV  
  29  2:43  Marine  
  29  2:44  SCV  
  31  2:50  Marine  
  32  2:52  Marine  
  32  2:53  SCV  
  32  2:57  Supply Depot  
  35  2:58  SCV  
  35  3:05  Supply Depot, Barracks Tech Lab, SCV  
  36  3:09  Marine  
  37  3:16  SCV  
  37  3:19  Marine, SCV  
  40  3:21  Supply Depot  
  40  3:24  Marine  
  40  3:25  Stimpack  
  41  3:28  Supply Depot, SCV  
  41  3:31  Marine, SCV  
  44  3:36  Marine  
  44  3:40  SCV  
  46  3:43  SCV  
  46  3:44  Marine  
  46  3:47  Factory  
  48  3:51  Marine  
  48  3:52  SCV  
  51  3:55  SCV  
  51  3:58  Refinery  
  51  4:01  Engineering Bay  
  51  4:04  SCV  
  51  4:05  Marine  
  51  4:07  Marauder  
  51  4:08  Marine  
  51  4:09  Supply Depot, SCV  
  57  4:16  SCV  
  58  4:21  SCV  
  58  4:22  Marine  
  58  4:23  Supply Depot  
  60  4:26  Marine  
  60  4:28  SCV  
  60  4:37  SCV  
  58  4:38  Factory Reactor  
  58  4:39  Starport, Marauder, Missile Turret  
  58  4:41  SCV, Missile Turret  
  61  4:49  SCV  
  61  4:51  Supply Depot  
  62  4:53  SCV  
  62  4:58  Barracks Reactor, Barracks Tech Lab  
  63  5:00  Marauder  
  63  5:01  SCV  
  63  5:06  Terran Infantry Weapons Level 1  
  66  5:07  SCV  
  67  5:22  Marauder  
  67  5:23  Marauder  
  67  5:26  Medivac x2  
  75  5:33  Command Center  
  74  5:40  Factory Reactor  
  74  5:41  SCV x2  
  75  5:43  Marauder  
  75  5:44  Refinery  
  75  5:47  Barracks x2  
  77  5:52  Supply Depot x2  
  77  5:53  SCV  
  77  5:56  Medivac x2, SCV  
  83  6:05  SCV  
  83  6:07  Marine  
  83  6:08  Marine  
  83  6:10  Combat Shields  
  83  6:11  Concussive Shells  
  86  6:12  Missile Turret  
  86  6:13  Marine x2, SCV  
  86  6:16  Supply Depot  
  86  6:18  Supply Depot, SCV  
  90  6:20  Widow Mine  
  90  6:21  Widow Mine  
  90  6:25  Marine  
  95  6:28  Supply Depot  
  95  6:39  Supply Depot  
  95  6:41  Supply Depot  
  95  6:42  Marauder x2  
  95  6:43  Marine  
  95  6:44  Barracks Reactor, Barracks Tech Lab  
  95  6:45  Medivac x2  
  104  6:50  Orbital Command  
  104  6:53  Marine  
  105  6:57  Widow Mine x2  
  105  6:59  SCV  
  110  7:03  Marauder  
  110  7:06  SCV  
  110  7:08  Terran Infantry Armor Level 1  
  113  7:11  SCV  
  113  7:13  Marauder  
  113  7:14  Marauder  
  117  7:21  SCV  
  117  7:22  SCV  
  119  7:24  SCV  
  119  7:26  Marine x3, Marauder  
  125  7:30  Marine  
  125  7:34  Marine x2, SCV  
  125  7:35  Supply Depot  
  129  7:37  Supply Depot  
  129  7:40  Widow Mine x2  
  129  7:41  Medivac  
  129  7:44  Marine x3  
  136  7:48  Marauder  
  135  7:54  Marine, Marauder  
  135  7:55  Marauder  
  135  7:56  Medivac  
  142  8:00  SCV x3  
  142  8:01  Engineering Bay  
  142  8:02  Supply Depot x2  
  142  8:03  Armory  
  145  8:10  Widow Mine x2  
  145  8:12  SCV x2  
  131  8:28  Marauder  
  116  8:35  Marine, Marauder  
  116  8:36  Marine x3, Marauder  
  116  8:37  Medivac x2  
  116  8:39  Hellion  
  122  8:49  Marine  
  122  8:53  Marine, Barracks  
  122  8:54  Marine x3, Barracks  
  122  8:55  Barracks  
  127  8:57  Marauder  
  127  8:58  Marauder  
  131  9:07  Marauder  
  118  9:11  Marine x2  
  118  9:12  Marine x2  
  111  9:18  Marine  
  111  9:19  Marauder  
  114  9:25  Widow Mine  
  114  9:26  Widow Mine  
  114  9:29  Marine x2, Marauder  
  114  9:30  Marine x2  
  128  9:36  Marauder  
Tags
 
Add a new tag
Caveats
  • Supply blocks, unpowered buildings, or Contaminate may cause inaccurate times.
  • Supply counts are checked every 10 seconds.